 Dungeon Crawl Stone Soup version 0.32-a0-893-gf85d74f360 (webtiles) character file.

Game seed: 16406924402478255193

5527 Ofeo the Skirmisher (level 10, -5/66 HPs)
             Began as a Coglin Hexslinger on Apr 3, 2024.
             Was a Believer of Hepliaklqana.
             Killed from afar by a rakshasa (10 damage)
             ... with a lance of force
             ... on level 8 of the Dungeon.
             The game lasted 00:11:23 (11849 turns).

Ofeo the Skirmisher (Coglin Hexslinger)            Turns: 11849, Time: 00:11:24

Health: -5/66      AC: 10    Str:  8    XL:     10   Next: 70%
Magic:  15/16      EV: 14    Int: 14    God:    Hepliaklqana [**....]
Gold:   974        SH:  0    Dex: 20    Spells: 15/17 levels left

rFire   . . .        a - +1 sling {Paullus}
rCold   . . .        l - +0 sling (drain) {Edmée}
rNeg    . . .        c - +0 steam dragon scales
rPois   .            o - +0 helmet
rElec   .            u - +0 cloak
rCorr   .            g - +0 pair of gloves
SInv    .            k - +1 pair of boots
Will    .....        (amulet unavailable)
Stlth   ++           (ring unavailable)
HPRegen 0.31/turn    (ring unavailable)
MPRegen 0.15/turn    (no gizmo)

%: no passive effects
@: about to teleport, weak-willed, jinxed, revving
A: reduced essence, off-hand wielding, slow wielding, warmup strikes, no
jewellery
a: Invent Gizmo, Renounce Religion, Ancestor Life: Knight, Ancestor Life:
Battlemage, Ancestor Life: Hexer, Recall Ancestor, Ancestor Identity


You were on level 8 of the Dungeon.
You worshipped Hepliaklqana.
Hepliaklqana was pleased with you.
You visited 1 branch of the dungeon, and saw 9 of its levels.

You collected 1030 gold pieces.
You spent 56 gold pieces at shops.

Inventory:

Hand Weapons
 a - a +1 sling (weapon) {Paullus}
 l - a +0 sling of draining (offhand) {Edmée}
Armour
 c - +0 steam dragon scales (worn)
 g - a +0 pair of gloves (worn)
 j - a +0 leather armour
 k - a +1 pair of boots (worn)
 o - a +0 helmet (worn)
 u - a +0 cloak (worn)
Wands
 p - a wand of charming (27)
 r - a wand of warping (1)
Scrolls
 b - 4 scrolls of immolation
 h - 2 scrolls of vulnerability
 i - 5 scrolls of identify {@r1}
 n - a scroll of teleportation {@r3}
Potions
 d - 2 potions of cancellation
 e - 5 potions of enlightenment
 f - a potion of brilliance
 m - 2 potions of might {@q4}
 A - 3 potions of ambrosia


   Skills:
 - Level 5.2 Fighting
 + Level 9.7 Ranged Weapons
 - Level 5.1 Dodging
 - Level 4.4 Spellcasting
 - Level 5.3 Hexes
 - Level 4.7 Fire Magic


You had 15 spell levels left.
You knew the following spells:

 Your Spells              Type           Power      Damage    Failure   Level
a - Jinxbite              Hex            36%        N/A       3%          2

Your spell library contained the following spells:

 Spells                   Type           Power      Damage    Failure   Level
 Slow                     Hex            72%        N/A       1%          1
 Confusing Touch          Hex            18%        N/A       6%          3
 Sigil of Binding         Hex            18%        N/A       6%          3
 Inner Flame              Hex/Fire       17%        N/A       7%          3
 Magic Dart               Conj           12%        1d3       19%         1
 Shock                    Conj/Air       12%        1d3       19%         1
 Cause Fear               Hex            9%         N/A       21%         4
 Cigotuvi's Dreadful Rot  Necr/Alch/Air  6%         N/A       28%         2
 Searing Ray              Conj           6%         2d4       28%         2
 Swiftness                Air            3%         N/A       50%         3
 Vampiric Draining        Necr           3%         2d6       50%         3
 Dimensional Bullseye     Hex/Tloc       5%         N/A       52%         4
 Airstrike                Air            1%         2d(1-17)  88%         4
 Dispel Undead            Necr           3%         3d7       88%         4
 Fulminant Prism          Conj/Alch      1%         3d5       88%         4
 Martyr's Knell           Necr/Summ      3%         N/A       88%         4
 Olgreb's Toxic Radiance  Alch           3%         N/A       88%         4
 Ozocubu's Refrigeration  Ice            1%         4d7       100%        7
 Discord                  Hex            9%         N/A       100%        8


Dungeon Overview and Level Annotations

Branches:
Dungeon (9/15)             Temple (0/1) D:7
   Lair: D:8-11         Orc: D:9-12

Altars:
Hepliaklqana
Makhleb
Qazlal
Ru
Xom
Yredelemnul
Zin

Shops:
D:5 (


Innate Abilities, Weirdness & Mutations

Your life essence is reduced to manifest your ancestor. (-10% HP)
You can wield a second weapon in your off-hand.
It takes a long time for you to wield or remove held weapons.
Your first few attacks do less damage.
You cannot equip rings or amulets.


Message History

You shoot a sling bullet. The sling bullet misses the rakshasa.
The rakshasa misses you.
MP restored: 16 You shoot a sling bullet.
The sling bullet hits the rakshasa.
The rakshasa is severely wounded.
You shoot a sling bullet. The sling bullet hits the rakshasa.
The rakshasa is severely wounded.
The jinxing sprites lose interest in you.
The rakshasa barely misses you.
You shoot a sling bullet.
The sling bullet closely misses the rakshasa.
You shoot a sling bullet.
The sling bullet barely misses the rakshasa.
The rakshasa hits you but does no damage.
The rakshasa barely misses you.
You climb upwards.
There is a stone staircase leading down here.
Okay, then.
Casting: Jinxbite (safe; 3% risk of failure)
Confirm with . or Enter, or press ? or * to list all spells.
You beckon some vexing sprites to accompany your attacks.
You feel your willpower being sapped.
The rakshasa hits you with a +0 long sword!
* * * LOW HITPOINT WARNING * * *
You take 13 damage, and have 11/66 hp.
You now have 14/16 mp.
You shoot a sling bullet. The sling bullet hits the rakshasa!
The rakshasa is severely wounded.
You shoot a sling bullet.
The sling bullet barely misses the rakshasa.
The rakshasa misses you.
You feel better.
The rakshasa hits you with a +0 long sword!
* * * LOW HITPOINT WARNING * * *
You take 7 damage, and have 4/66 hp.
As you read the scroll of teleportation {@r3}, it crumbles to dust.
You feel strangely unstable. The rakshasa barely misses you.
The rakshasa gestures at you. The lance of force hits you!
You die...
Hepliaklqana delivers you to your ancestors.

.....# #.# #.####.#..#.#....#
.....# #.#####.# #.#..#.#....#
.....# #.......####.#..#.#....#
.....# #######......#..#.#..###
.....#########.##...#..#.#..#
.............#.##......#.#..#####
#.##########.#...........#.......
#.### #.####....######.#####
....# #.>R.@.........(.# ..#.#
######....########
..#)#############...[############
..)...................[..........
..#.#############....############
..#.....# #.............#
..#.....#########..[.########.#
..#.....##.....##.#.....#####.#
..#.....##.....##)#.###.......###


You could see a rakshasa.

Vanquished Creatures
  A boulder beetle (D:6)
  An ugly thing (D:8)
  A cyclops (D:9)
  A hornet (D:7)
  A steam dragon (D:6)
  Menkaure (D:6)
  3 sky beasts
  4 ice beasts
  A black bear (D:6)
  3 ogres (D:6)
  4 centaurs
  3 phantoms
  Blork the orc (D:6)
  A kobold brigand (D:8)
  A gnoll sergeant (D:4)
  2 bullfrogs
  2 scorpions
  4 wights (D:8)
  3 hounds
  4 jellies
  5 orc priests
  2 bombardier beetles
  A gnoll bouda (D:7)
  8 iguanas
  2 sleepcaps
  2 orc wizards
  A hound zombie (D:4)
  11 gnolls
  10 adders
  3 shadow imps
  6 ufetubi (D:6)
  An adder zombie (D:4)
  A ribbon worm (D:3)
  2 dart slugs
  24 orcs
  7 endoplasms
  2 giant cockroaches
  9 goblins
  11 hobgoblins
  7 jackals
  2 quokkas
  2 ball pythons (D:1)
  7 bats
  4 frilled lizards
  11 kobolds
  5 rats
188 creatures vanquished.

Vanquished Creatures (collateral kills)
  A hornet (D:8)
  An orc warrior (D:8)
  3 wights (D:8)
  An orc (D:7)
  A kobold (D:8)
7 creatures vanquished.

Vanquished Creatures (others)
  4 ancestors
4 creatures vanquished.

Grand Total: 199 creatures vanquished

Notes
Turn   | Place    | Note
-------+----------+-------------------------------------------
     0 | D:1      | Ofeo the Coglin Hexslinger began the quest for the Orb.
     0 | D:1      | Reached XP level 1. HP: 15/15 MP: 2/2
    84 | D:1      | Reached skill level 1 in Fire Magic
   133 | D:1      | Reached XP level 2. HP: 21/21 MP: 3/3
   263 | D:1      | Reached skill level 2 in Ranged Weapons
   421 | D:1      | Reached XP level 3. HP: 26/26 MP: 4/4
   871 | D:2      | Learned a level 2 spell: Jinxbite
  1249 | D:2      | Found a sacrificial altar of Ru.
  1530 | D:2      | Reached XP level 4. HP: 33/33 MP: 6/6
  2888 | D:3      | Found a glowing silver altar of Zin.
  2888 | D:3      | Noticed an angel
  3007 | D:3      | Identified a scroll of acquirement
  3007 | D:3      | Acquired 659 gold pieces
  3079 | D:4      | Reached XP level 5. HP: 25/38 MP: 4/7
  3291 | D:4      | Found a sacrificial altar of Ru.
  3517 | D:4      | Reached XP level 6. HP: 45/45 MP: 9/9
  3644 | D:4      | Found a basalt altar of Yredelemnul.
  3916 | D:4      | Reached skill level 3 in Ranged Weapons
  3970 | D:4      | Reached XP level 7. HP: 31/51 MP: 7/10
  4220 | D:4      | Found a hazy altar of Hepliaklqana.
  4221 | D:4      | Found a shimmering altar of Xom.
  4222 | D:4      | Noticed a spectral ugly thing
  4333 | D:4      | Found a burning altar of Makhleb.
  4471 | D:5      | Entered Level 5 of the Dungeon
  5052 | D:5      | Found Peakhokk's Weapon Emporium.
  5060 | D:5      | Bought a +0 sling of draining for 56 gold pieces
  5871 | D:5      | Reached XP level 8. HP: 44/59 MP: 12/12
  6593 | D:6      | Noticed a boulder beetle
  6601 | D:6      | Reached skill level 4 in Ranged Weapons
  6620 | D:6      | Killed a boulder beetle
  6621 | D:6      | Reached XP level 9. HP: 21/66 MP: 13/15
  6631 | D:6      | Reached skill level 5 in Hexes
  6847 | D:6      | Reached skill level 5 in Fighting
  6940 | D:6      | Reached skill level 5 in Dodging
  7112 | D:6      | Reached skill level 5 in Ranged Weapons
  7621 | D:6      | Noticed Blork the orc
  7627 | D:6      | Killed Blork the orc
  7817 | D:6      | Noticed Menkaure
  7825 | D:6      | Killed Menkaure
  7826 | D:6      | Reached skill level 6 in Ranged Weapons
  8159 | D:4      | Became a worshipper of Hepliaklqana the Forgotten
  8236 | D:7      | Reached XP level 10. HP: 74/74 MP: 16/16
  8259 | D:7      | Reached skill level 7 in Ranged Weapons
  8489 | D:7      | Found a staircase to the Ecumenical Temple.
  8820 | D:7      | Found a stormy altar of Qazlal.
  9014 | D:7      | Reached * piety under Hepliaklqana
  9626 | D:8      | Reached skill level 8 in Ranged Weapons
  9635 | D:8      | Noticed Prince Ribbit
 10647 | D:8      | Reached ** piety under Hepliaklqana
 10742 | D:8      | Noticed a purple ugly thing
 10759 | D:8      | Killed a purple ugly thing
 10760 | D:8      | Reached skill level 9 in Ranged Weapons
 11682 | D:9      | Noticed a cyclops
 11686 | D:9      | Noticed a rakshasa
 11773 | D:9      | Killed a cyclops
 11849 | D:8      | Killed from afar by a rakshasa

Illustrated notes

Levels and vault maps discovered:
D:1:      saegor_arrival_under_anarchy, layout_loops_ring,
          chequers_decorated_corner
D:2:      kennysheep_big_flooded_room, layout_basic, basic_altar, minivault_26,
          minmay_misc_feat_enclosed
D:3:      layout_basic, zin_angel
D:4:      layout_loops_ring, regret_index_temple_of_mockery,
          nicolae_overflow_crystal_walls, nicolae_ru_the_path_less_chosen,
          lemuel_zombie_altar_yredelemnul, amcnicky_mini_corridor_feature
D:5:      nicolae_BIG_FREAKIN_CUBE, layout_basic, serial_shops, shop,
          serial_bayou_lake_a
D:6:      layout_loops_ring, roderic_lattice_a, nzn_random_ring,
          uniq_blork_the_orc, uniq_menkaure
D:7:      layout_layer_cave, mainiacjoe_overflow_24_doors, temple_fountains,
          hangedman_decor_growths
D:8:      layout_basic, uniq_prince_ribbit1
D:9:      minmay_diamond_stairs, layout_long_grid, serial_demonic,
          serial_demonic_e, serial_demonic_d, serial_demonic_e,
          serial_demonic_d, serial_demonic_e

Skill      XL: |  1  2  3  4  5  6  7  8  9 10 |
---------------+-------------------------------+-----
Fire Magic     | 1 2 3 4 |  4.7
Dodging        | 2 3 4 5 |  5.1
Ranged Weapons | 2 3 4 6 9 |  9.7
Hexes          | 3 4 5 |  5.3
Fighting       | 2 3 4 5 |  5.2
Spellcasting   | 2 3 4 |  4.4

Action                     |  1- 3 |  4- 6 |  7- 9 | 10-12 || total
---------------------------+-------+-------+-------+-------++-------
   Fire: Sling             |   172 |   310 |   594 |   372 ||  1448
   Cast: Jinxbite          |       |    13 |    16 |     8 ||    37
    Use: Scroll            |       |     9 |     5 |     3 ||    17
         Potion            |       |       |     7 |     1 ||     8
 Armour: Robe              |    12 |    42 |     1 |       ||    55
         Leather armour    |       |       |    66 |       ||    66
         Skin              |       |       |    19 |       ||    19
         Steam dragon scal |       |       |    21 |    29 ||    50
  Dodge: Dodged            |    17 |    41 |   137 |    33 ||   228

Table legend: (Time is in decaauts)
 A = Elapsed time spent in this place.
 B = Non-inter-level travel time spent in this place.
 C = Inter-level travel time spent in this place.
 D = Time resting spent in this place.
 E = Time spent auto-exploring this place.
 F = Levels seen in this place.
 G = Mean time per level.
                   A        B        C        D        E       F      G
               +--------+--------+--------+--------+--------+-----+--------+
         Total |  11987 |  11430 |    557 |    476 |   9621 |   9 | 1331.9 |
       Dungeon |  11987 |  11430 |    557 |    476 |   9621 |   9 | 1331.9 |
               +--------+--------+--------+--------+--------+-----+--------+

Top non-repeatable levels by time:
     D:8: 2231 daAuts
     D:5: 1895 daAuts
     D:6: 1853 daAuts
     D:4: 1497 daAuts
     D:7: 1338 daAuts
     D:3: 1275 daAuts
     D:2: 939 daAuts
     D:1: 882 daAuts
     D:9: 74 daAuts
